[Event "Team 45 45 League T47"]
[Site "Internet Chess Club"]
[Date "2011.01.01"]
[Round "8"]
[White "nightly"]
[Black "azbycx"]
[Result "1-0"]
[WhiteElo "1851"]
[BlackElo "1895"]
[Opening "English: Anglo-Grünfeld, Smyslov defense"]
[ECO "A15"]
[Time "21:03:50"]
[TimeControl "2700+45"]

1. c4 Nf6 2. g3 g6 3. Bg2 d5 4. cxd5 Nxd5 5. Nc3 Nxc3 6. bxc3 Bg7 7. Nf3 O-O 8.
O-O c5 9. Ba3 Qa5 10. Qb3 Nc6 11. Bb2 e5 12. a4 a6 13. d3 Qc7 14. Rab1 Rb8 15.
Nd2 Na5 16. Qc2 Be6 17. c4 f5 18. Nb3 Nxb3 19. Qxb3 b5 20. axb5 axb5 21. Qc2 b4
22. Ra1 Qf7 23. Ra6 h6 24. Rxe6 e4 25. Bxg7 Qxe6 26. Bxf8 Kxf8 27. dxe4 f4 28.
gxf4 b3 29. Qb2 Kf7 30. Rc1 Rb4 31. f5 gxf5 32. exf5 Qxf5 33. Rc3 {Black
resigns} 1-0

[Event "Team 45 45 League T47"]
[Site "Internet Chess Club"]
[Date "2010.12.26"]
[Round "8"]
[White "az2112"]
[Black "poni"]
[Result "1/2-1/2"]
[WhiteElo "1758"]
[BlackElo "1969"]
[Opening "Philidor: Improved Hanham variation"]
[ECO "B07"]
[Time "12:00:50"]
[TimeControl "2700+45"]

1. e4 d6 2. d4 Nf6 3. Nc3 e5 4. Nf3 Nbd7 5. Bc4 Be7 6. O-O O-O 7. a4 c6 8. Re1
b6 9. d5 c5 10. Bg5 a6 11. g3 Ne8 12. Qd2 Bxg5 13. Qxg5 Qxg5 14. Nxg5 h6 15. Nf3
g6 16. Bf1 Ndf6 17. Na2 Ng7 18. c3 Bd7 19. b3 Nfh5 20. c4 f5 21. Nh4 Kh7 22. Bh3
Nf6 23. Nc3 a5 24. Ra2 Rf7 25. Rae2 f4 26. Bxd7 Nxd7 27. Nb5 Rf6 28. gxf4 Rxf4
29. Ng2 Rf6 30. Ne3 Raf8 31. Ng4 Rf4 32. h3 Ne8 33. Kg2 Ndf6 34. f3 Nh5 35. Rf2
R4f7 36. Ref1 Nf4+ 37. Kg3 h5 38. Ne3 Kh6 39. h4 Nd3 40. Rd2 Nf4 41. Rdf2 Rf6
42. Ng2 Rg8 43. Nxf4 Rxf4 44. Rg2 g5 45. hxg5+ Rxg5+ 46. Kf2 Rxg2+ 47. Kxg2 Rf6
48. Nc3 Ng7 49. Ne2 Rg6+ 50. Kh3 Ne8 51. Ng3 Ng7 52. Kh4 Rf6 53. Ne2 Rg6 54. Ng3
Rf6 55. Ne2 Rg6 56. Ng3 {Game drawn by repetition} 1/2-1/2

[Event "Team 45 45 League T47"]
[Site "Internet Chess Club"]
[Date "2010.12.26"]
[Round "8"]
[White "cacheboy"]
[Black "ChristopherPace"]
[Result "1-0"]
[WhiteElo "2197"]
[BlackElo "2082"]
[Opening "Robatsch defense: two knights variation"]
[ECO "B06"]
[Time "20:02:32"]
[TimeControl "2700+45"]

1. e4 g6 2. d4 Bg7 3. Nc3 d6 4. Nf3 Nd7 5. Bc4 c5 6. Ng5 e6 7. Bxe6 fxe6 8. Nxe6
Qe7 9. Nd5 Qxe6 10. Nc7+ Ke7 11. Nxe6 Kxe6 12. dxc5 Nxc5 13. Qd5+ Ke7 14. Bf4
Ne6 15. Bxd6+ Kf7 16. e5 Ne7 17. Qf3+ Ke8 18. O-O-O Nf5 19. Rhe1 a5 20. g4 Nfd4
21. Qe3 Nc6 22. f4 h5 23. Qe4 Nf8 24. Bxf8 Kxf8 25. e6 {Black resigns} 1-0

[Event "Team 45 45 League T47"]
[Site "Internet Chess Club"]
[Date "2010.12.25"]
[Round "8"]
[White "christinaa"]
[Black "BlackHorse"]
[Result "1-0"]
[WhiteElo "2062"]
[BlackElo "1900"]
[Opening "Pirc: Austrian attack, 6.e5"]
[ECO "B09"]
[Time "10:02:53"]
[TimeControl "2700+45"]

1. e4 d6 2. d4 Nf6 3. Nc3 g6 4. f4 Bg7 5. Nf3 O-O 6. e5 Ne8 7. h4 Bg4 8. h5 c5
9. hxg6 hxg6 10. Be2 cxd4 11. Qxd4 Nc6 12. Qf2 e6 13. Bd2 dxe5 14. fxe5 Bxf3 15.
Qxf3 Nxe5 16. Qh3 f5 17. O-O-O Qc8 18. Bf4 Nc4 19. Bxc4 Qxc4 20. Qh7+ Kf7 21.
Rd7+ Kf6 22. Qh4+ {Black resigns} 1-0

[Event "Team 45 45 League T47"]
[Site "Internet Chess Club"]
[Date "2010.12.26"]
[Round "8"]
[White "Phosphorus"]
[Black "Hathor"]
[Result "1-0"]
[WhiteElo "2146"]
[BlackElo "1953"]
[Opening "QGD Slav: 4.e3"]
[ECO "D11"]
[Time "11:03:03"]
[TimeControl "2700+45"]

1. d4 d5 2. c4 c6 3. Nf3 Nf6 4. e3 Bg4 5. Qb3 Qb6 6. Nc3 e6 7. Nh4 Be7 8. h3 Bh5
9. g4 Qxb3 10. axb3 Bg6 11. Nxg6 hxg6 12. Bg2 Na6 13. g5 Nd7 14. f4 Nb4 15. Kd2
Nb6 16. c5 Nd7 17. Na2 Nxa2 18. Rxa2 e5 19. b4 e4 20. b5 Nb8 21. Bf1 Kd7 22. b6
Na6 23. bxa7 Rxa7 24. Kc3 Rha8 25. Be2 Nc7 26. Rxa7 Rxa7 27. h4 Ra8 28. h5 Rh8
29. Bg4+ Ne6 30. b4 gxh5 31. Rxh5 Rxh5 32. Bxh5 g6 33. Bg4 Bd8 34. Kb3 b6 35.
cxb6 Bxb6 36. Ka4 Bd8 37. b5 cxb5+ 38. Kxb5 f5 39. Bd1 Nc7+ 40. Kc5 Be7+ 41. Kb6
Bd6 42. Ba4+ Ke6 43. Bd2 Ke7 44. Bc6 Ke6 45. Ba5 Ke7 46. Kb7 Ne6 47. Bxd5 Nxf4
48. exf4 Bxf4 49. Bb4+ Ke8 50. Bb3 Bxg5 51. d5 e3 52. Kc8 f4 53. d6 Kf8 54. d7+
Kg7 55. Bd5 e2 56. Bf3 {Black resigns} 1-0

[Event "Team 45 45 League T47"]
[Site "Internet Chess Club"]
[Date "2010.12.26"]
[Round "8"]
[White "gerailen0075"]
[Black "eSeM"]
[Result "1/2-1/2"]
[WhiteElo "1879"]
[BlackElo "1938"]
[Opening "Sicilian"]
[ECO "B54"]
[Time "08:30:14"]
[TimeControl "2700+45"]

1. e4 c5 2. Nf3 d6 3. d4 cxd4 4. Nxd4 e5 5. Nb5 a6 6. N5a3 Nc6 7. c4 Nf6 8. Nc3
Be7 9. Nc2 Be6 10. Be2 Qa5 11. Bd2 Qc7 {Game drawn by mutual agreement} 1/2-1/2

[Event "Team 45 45 League T47"]
[Site "Internet Chess Club"]
[Date "2010.12.23"]
[Round "8"]
[White "LazyPeon"]
[Black "misuc56"]
[Result "0-1"]
[WhiteElo "1688"]
[BlackElo "1837"]
[Opening "QGD: 3.Nc3"]
[ECO "D31"]
[Time "15:30:28"]
[TimeControl "2700+45"]

1. d4 d5 2. c4 e6 3. Nc3 f5 4. Nf3 Nf6 5. Bf4 c6 6. e3 Bd6 7. Bd3 O-O 8. O-O Qe7
9. Qc2 Ne4 10. Ne2 Nd7 11. c5 Bb8 12. Bxb8 Rxb8 13. Ne5 Nxe5 14. Bxe4 Ng6 15.
Bd3 Bd7 16. f4 b6 17. b4 bxc5 18. bxc5 Qd8 19. Rab1 Qc7 20. h3 h6 21. Rxb8 Rxb8
22. Rb1 Ne7 23. Kf2 Be8 24. g4 g6 25. Ng1 Kg7 26. Nf3 Ng8 27. Ne5 Nf6 28. gxf5
exf5 29. Rg1 Ne4+ 30. Kf3 Qe7 31. Bxe4 dxe4+ 32. Kg2 Qb7 33. Nc4 Bf7 34. Nd6 Qb2
35. Qxb2 Rxb2+ 36. Kh1 Kf6 37. Nxf7 Kxf7 38. Rg2 Rb1+ 39. Kh2 Re1 40. Rb2 Rxe3
41. Rb7+ Ke6 42. Rxa7 Rd3 43. Rc7 Kd5 44. Rd7+ Kc4 45. a4 Ra3 46. Rd6 Rxa4 47.
Rxc6 Kxd4 48. Rxg6 Kxc5 49. Rxh6 Kd4 50. Kg3 Ra3+ 51. Kf2 Rf3+ 52. Ke2 Rxf4 53.
Rd6+ Ke5 54. Ra6 Rf3 55. h4 Rh3 56. Rh6 Kf4 57. Rh5 Rh2+ 58. Ke1 e3 59. Kf1 Ke4
60. Rh7 Kf3 61. Kg1 Rg2+ 62. Kh1 e2 63. Re7 Rg4 64. h5 Rh4+ 65. Kg1 Rxh5 66. Re6
Rg5+ 67. Kh1 Kf2 {White resigns} 0-1

[Event "Team 45 45 League T47"]
[Site "Internet Chess Club"]
[Date "2010.12.27"]
[Round "8"]
[White "Packerfan"]
[Black "micky1943"]
[Result "0-1"]
[WhiteElo "1760"]
[BlackElo "1922"]
[Opening "Sicilian: Alapin's variation (2.c3)"]
[ECO "B22"]
[Time "09:39:24"]
[TimeControl "2700+45"]

1. e4 c5 2. c3 g6 3. d4 cxd4 4. cxd4 d5 5. e5 Bg7 6. Nc3 Nc6 7. Nf3 f6 8. Qb3 e6
9. Bf4 Nge7 10. Be2 Nf5 11. exf6 Bxf6 12. Be3 Bxd4 13. Nxd4 Ncxd4 14. Bb5+ Bd7
15. Bxd7+ Qxd7 16. Bxd4 Nxd4 17. Qd1 Nc6 18. O-O O-O 19. Rc1 Rad8 20. f4 d4 21.
Ne2 d3 22. Nc3 Qd4+ 23. Kh1 Rxf4 24. Rxf4 Qxf4 25. a3 Ne5 26. Na2 Ng4 27. Qe1
Qxh2# {White checkmated} 0-1

[Event "Team 45 45 League T47"]
[Site "Internet Chess Club"]
[Date "2010.12.23"]
[Round "8"]
[White "rookmaster23"]
[Black "xt"]
[Result "0-1"]
[WhiteElo "1487"]
[BlackElo "1506"]
[Opening "QGD: Tarrasch, von Hennig-Schara gambit"]
[ECO "D32"]
[Time "20:00:41"]
[TimeControl "2700+45"]

1. d4 d5 2. c4 e6 3. Nc3 c5 4. cxd5 cxd4 5. Qxd4 Nc6 6. Qd1 exd5 7. Nf3 Bb4 8.
Bd2 h6 9. e3 Nf6 10. Bb5 O-O 11. O-O Bf5 12. Bxc6 bxc6 13. Qa4 Qb6 14. Rac1 Rfc8
15. Ne5 Bd6 16. Nf3 Qxb2 17. Ne2 Qb6 18. Ned4 Bd7 19. Qc2 Ne4 20. Rb1 Qa6 21.
Bb4 c5 {White resigns} 0-1

[Event "Team 45 45 League T47"]
[Site "Internet Chess Club"]
[Date "2010.12.23"]
[Round "8"]
[White "CKNIGHT3"]
[Black "ticopatzer"]
[Result "1/2-1/2"]
[WhiteElo "1575"]
[BlackElo "1587"]
[Opening "QGD: 4.Nf3"]
[ECO "D37"]
[Time "18:03:41"]
[TimeControl "2700+45"]

1. d4 d5 2. c4 e6 3. Nc3 Nf6 4. Nf3 Be7 5. e3 O-O 6. Bd3 c6 7. a4 Nbd7 8. O-O
Qc7 9. e4 dxe4 10. Nxe4 Nxe4 11. Bxe4 Nf6 12. Bc2 c5 13. dxc5 Bxc5 14. Bg5 Rd8
15. Qb1 Be7 16. b3 h6 17. Be3 b6 18. Nd4 Ng4 19. g3 Bb7 20. Be4 Nxe3 21. fxe3
Bg5 22. Re1 Bxe3+ 23. Rxe3 Rxd4 24. Bxb7 Qxb7 25. Qb2 Rad8 26. Qf2 Rd2 27. Re2
Rd1+ 28. Re1 Rxa1 29. Rxa1 Rd3 30. Rb1 Qe4 31. Re1 Qg4 32. Rb1 Rf3 33. Qd2 Qf5
34. Qe1 Qd3 35. Qc1 Qd4+ 36. Kh1 Qf2 37. Qd1 Re3 38. Qg1 Qd2 39. Rd1 Qe2 40. Rb1
Rf3 41. Re1 Qc2 42. Re3 Rf2 43. b4 Rd2 44. c5 Qc4 45. Rf3 Qd5 46. Qe3 Rd1+ 47.
Kg2 Rd2+ 48. Kg1 Qa2 49. c6 Rd1+ 50. Rf1 Rxf1+ 51. Kxf1 Qc4+ 52. Kf2 Qxc6 53.
Qb3 g5 54. h3 f5 55. b5 Qd5 56. Qb2 Kf7 57. Qh8 Qc5+ 58. Kf3 Qf8 59. Qc3 Qg7 60.
Qd2 e5 61. Qd7+ Kg6 62. Qe6+ Qf6 63. Qe8+ Kg7 64. Qd7+ Qf7 65. Qd1 e4+ 66. Ke3
Qe7 67. Qd4+ Kg6 68. Kf2 f4 69. gxf4 gxf4 70. Kf1 Qe6 71. Qg1+ Kf5 72. Qg4+ Ke5
73. Qg7+ Kd5 74. Qb7+ Kc5 75. Qc7+ Kd4 76. Qg7+ Kd5 77. Qb7+ Kd4 78. Qg7+ Kc5
79. Qc7+ Kd4 80. Qg7+ Kd3 81. Qg2 f3 82. Qg3 Qa2 83. Qd6+ Ke3 84. Qxh6+ Kd3 85.
Qd6+ Ke3 86. Qh6+ Kd3 87. Qd6+ Ke3 88. Qh6+ Kd3 {Game drawn by repetition}
1/2-1/2

[Event "Team 45 45 League T47"]
[Site "Internet Chess Club"]
[Date "2010.12.23"]
[Round "8"]
[White "randallsr"]
[Black "VietLion"]
[Result "1-0"]
[WhiteElo "1767"]
[BlackElo "1891"]
[Opening "Réti opening"]
[ECO "A11"]
[Time "16:04:14"]
[TimeControl "2700+45"]

1. Nf3 d5 2. c4 c6 3. cxd5 cxd5 4. b3 Bf5 5. Bb2 Nd7 6. g3 Ngf6 7. Bg2 Rc8 8. d3
e5 9. O-O Bd6 10. Nbd2 O-O 11. Rc1 Qa5 12. a4 Be6 13. Ng5 Bb4 14. Nxe6 fxe6 15.
Nf3 e4 16. Ne5 Bd2 17. Rxc8 Rxc8 18. Nxd7 Nxd7 19. dxe4 d4 20. Qb1 e5 21. Qd3
Nc5 22. Qc4+ Kh8 23. f4 Be3+ 24. Kh1 Qd8 25. Qb4 d3 26. Rd1 exf4 27. Bh3 Rc6 28.
exd3 Nxd3 29. Rxd3 Qb8 30. Bxg7+ Kxg7 31. Qe7+ Kh6 32. Qh4+ Kg6 33. Bf5+ Kg7 34.
Rd7+ Kf8 35. Qe7+ {Black resigns} 1-0

[Event "Team 45 45 League T47"]
[Site "Internet Chess Club"]
[Date "2010.12.27"]
[Round "8"]
[White "Bacon1290"]
[Black "Signalman"]
[Result "1-0"]
[WhiteElo "1716"]
[BlackElo "1601"]
[Opening "Pirc defense"]
[ECO "B07"]
[Time "13:35:38"]
[TimeControl "2700+45"]

1. e4 d6 2. d4 Nf6 3. Nc3 Nbd7 4. f4 e5 5. Nf3 c6 6. Bc4 b5 7. fxe5 bxc4 8. exf6
Nxf6 9. O-O Be7 10. Bg5 Ng4 11. Bxe7 Qxe7 12. Qe2 O-O 13. h3 Nf6 14. e5 Nd5 15.
Ne4 Nf4 16. Qxc4 d5 17. Qxc6 Bb7 18. Qd6 Qe6 19. Qxe6 fxe6 20. Nc5 Bc8 21. g3
Ng6 22. Ng5 Re8 23. Nf7 Re7 24. Nd6 Bd7 25. Rf2 Nf8 26. Raf1 Bc6 27. Rf7 Rxf7
28. Rxf7 Be8 29. Re7 Bg6 30. c3 a5 31. Nxe6 a4 32. Rxg7+ Kh8 33. Re7 Rb8 34.
Nxf8 Rxf8 35. Rb7 Bd3 36. e6 Rf1+ 37. Kg2 Re1 38. e7 Be4+ 39. Nxe4 Rxe4 40. Rb8+
Kg7 41. e8=Q {Black resigns} 1-0

[Event "Team 45 45 League T47"]
[Site "Internet Chess Club"]
[Date "2010.12.27"]
[Round "8"]
[White "werty"]
[Black "leo6"]
[Result "0-1"]
[WhiteElo "1526"]
[BlackElo "1588"]
[Opening "King's Indian: East Indian defense"]
[ECO "A48"]
[Time "14:33:53"]
[TimeControl "2700+45"]

1. d4 Nf6 2. Nf3 g6 3. e3 Bg7 4. Bd3 d6 5. c3 O-O 6. O-O Nc6 7. e4 e6 8. Bg5 Qe8
9. Nbd2 h6 10. Bh4 e5 11. dxe5 Nxe5 12. Nxe5 dxe5 13. f3 Be6 14. Qc2 Qc6 15.
Rfd1 Rfd8 16. Nb3 Rd7 17. Be2 Rad8 18. Rxd7 Rxd7 19. Rd1 a5 20. Rxd7 Nxd7 21.
Nd2 Nb6 22. b3 Bf8 23. Bf2 Bc5 24. Bxc5 Qxc5+ 25. Kf1 Kg7 26. Qd3 f5 27. g3 Kf6
28. h4 f4 29. Kg2 fxg3 30. Kxg3 Qg1# {White checkmated} 0-1

[Event "Team 45 45 League T47"]
[Site "Internet Chess Club"]
[Date "2010.12.23"]
[Round "8"]
[White "gerailen0075"]
[Black "rubo"]
[Result "1-0"]
[WhiteElo "1869"]
[BlackElo "1740"]
[Opening "Caro-Kann: classical, Maróczy attack"]
[ECO "B18"]
[Time "21:00:19"]
[TimeControl "2700+45"]

1. e4 c6 2. d4 d5 3. Nc3 dxe4 4. Nxe4 Bf5 5. Ng3 Bg6 6. f4 Nd7 7. Nf3 e6 8. Bd3
Bxd3 9. Qxd3 Ngf6 10. O-O Be7 11. f5 exf5 12. Nxf5 O-O 13. Bd2 Re8 14. Ng5 h6
15. Nxf7 Kxf7 16. Qb3+ Kf8 17. Nxh6 Ne5 18. Qg8# {Black checkmated} 1-0

[Event "Team 45 45 League T47"]
[Site "Internet Chess Club"]
[Date "2010.12.28"]
[Round "8"]
[White "Portola"]
[Black "ILRE"]
[Result "1-0"]
[WhiteElo "1773"]
[BlackElo "1573"]
[Opening "King's Indian: Torre attack"]
[ECO "A48"]
[Time "11:00:14"]
[TimeControl "2700+45"]

1. d4 Nf6 2. Nf3 g6 3. Bg5 Bg7 4. e3 d6 5. Nc3 O-O 6. Be2 c5 7. O-O Bf5 8. Bd3
Bxd3 9. Qxd3 Nbd7 10. Rfd1 a6 11. a4 Qc7 12. Qe2 Rfe8 13. e4 cxd4 14. Nxd4 h6
15. Bh4 Rac8 16. Rab1 Qc4 17. Qd2 Kh7 18. f3 Ne5 19. Bxf6 Bxf6 20. Nd5 Qc5 21.
Kh1 Bg7 22. b4 Qa7 23. a5 Nc4 24. Qd3 Bxd4 25. Qxd4 Qxd4 26. Rxd4 Na3 27. Rc1
Rxc2 28. Rxc2 Nxc2 29. Rc4 Na3 30. Rc7 e6 31. Nf6+ {Black resigns} 1-0

[Event "Team 45 45 League T47"]
[Site "Internet Chess Club"]
[Date "2011.01.04"]
[Round "8"]
[White "Helaman"]
[Black "g8wrb"]
[Result "1/2-1/2"]
[WhiteElo "1435"]
[BlackElo "1389"]
[Opening "French: Tarrasch, closed variation"]
[ECO "C05"]
[Time "13:00:56"]
[TimeControl "2700+45"]

1. e4 e6 2. d4 d5 3. Nd2 Nf6 4. e5 Nfd7 5. Bd3 c5 6. c3 Nc6 7. f4 cxd4 8. cxd4
f6 9. Qh5+ g6 10. Bxg6+ hxg6 11. Qxh8 fxe5 12. dxe5 Qe7 13. Ngf3 Qf7 14. Nb3 Nb4
15. O-O Nd3 16. Ng5 Qf5 17. Qh3 N7c5 18. g4 {Game drawn by mutual agreement}
1/2-1/2

[Event "Team 45 45 League T47"]
[Site "Internet Chess Club"]
[Date "2010.12.28"]
[Round "8"]
[White "AtomicDog"]
[Black "BrandonBee"]
[Result "0-1"]
[WhiteElo "1571"]
[BlackElo "1612"]
[Opening "Sicilian: Kan, 5.Nc3"]
[ECO "B43"]
[Time "13:33:02"]
[TimeControl "2700+45"]

1. e4 c5 2. Nf3 e6 3. d4 cxd4 4. Nxd4 a6 5. Nc3 b5 6. e5 Bb7 7. Be3 b4 8. Nce2
Qc7 9. Bf4 Ne7 10. Qd3 Ng6 11. Nf3 Nxf4 12. Nxf4 Bxf3 13. Qxf3 Qxe5+ 14. Be2
Qxb2 15. O-O Ra7 16. Qe3 Nc6 17. Rab1 Qd4 18. Qf3 Be7 19. Rbd1 Qc3 20. Rd3 Qxc2
21. Bd1 Qc5 22. Bb3 Ne5 23. Qe2 Nxd3 24. Nxd3 Qb5 25. Qe3 Rc7 26. Ne5 Bf6 27.
Nc4 O-O 28. Nd6 Qc5 29. Qd3 Be5 30. Ne4 Qb5 31. Qh3 d5 32. Ng5 h6 33. Nf3 Bf6
34. Qg3 Rfc8 35. Qf4 a5 {White resigns} 0-1

[Event "Team 45 45 League T47"]
[Site "Internet Chess Club"]
[Date "2010.12.28"]
[Round "8"]
[White "mitus"]
[Black "otherook"]
[Result "0-1"]
[WhiteElo "1762"]
[BlackElo "1752"]
[Opening "Robatsch (modern) defense"]
[ECO "B06"]
[Time "12:00:46"]
[TimeControl "2700+45"]

1. e4 g6 2. d4 Bg7 3. Nf3 d6 4. Be2 Bg4 5. h3 Bxf3 6. Bxf3 Nc6 7. c3 e5 8. d5
Nce7 9. c4 Nf6 10. O-O O-O 11. Nc3 Nd7 12. Rb1 a5 13. b3 Nc5 14. Be3 b6 15. Na4
Nxa4 16. bxa4 Qd7 17. Qb3 f5 18. Bd2 fxe4 19. Bxe4 Nf5 20. Bc3 Rae8 21. Qd1 Rf7
22. Qc2 Ref8 23. Rbd1 Qe7 24. Bf3 Kh8 25. Bg4 Qh4 26. g3 Nxg3 27. fxg3 Qxg3+ 28.
Qg2 Rxf1+ 29. Rxf1 Rxf1+ 30. Kxf1 Qxc3 31. Qe2 Bh6 32. Be6 Kg7 33. Kg2 Bf4 34.
Kf1 Kf6 35. Bd7 Qc1+ 36. Kg2 Qd2 37. Qxd2 Bxd2 38. Kf3 Kg5 39. Be6 h5 40. Bd7
Kh4 41. Be6 g5 42. Bd7 g4+ 43. hxg4 hxg4+ 44. Bxg4 e4+ 45. Ke2 Kxg4 46. Kxd2 Kf3
47. Ke1 Ke3 {White resigns} 0-1

[Event "Team 45 45 League T47"]
[Site "Internet Chess Club"]
[Date "2011.01.03"]
[Round "8"]
[White "quotha"]
[Black "clarinetref"]
[Result "0-1"]
[WhiteElo "1645"]
[BlackElo "1686"]
[Opening "Queen's pawn game"]
[ECO "A45"]
[Time "10:03:07"]
[TimeControl "2700+45"]

1. d4 Nf6 2. h3 g6 3. Nf3 Bg7 4. c4 d6 5. Bf4 O-O 6. Nc3 Re8 7. e4 Nc6 8. Be2
Nh5 9. Bh2 e5 10. dxe5 dxe5 11. Qxd8 Rxd8 12. Nd5 Be6 13. Nxc7 Nb4 14. O-O Rac8
15. Nxe6 fxe6 16. Bxe5 Nf6 17. Nd4 Kf7 18. a3 Nc6 19. Nxc6 Rxc6 20. Bxf6 Bxf6
21. Rad1 Rcd6 22. Rxd6 Rxd6 23. Rd1 Rxd1+ 24. Bxd1 Bxb2 25. a4 Kf6 26. f3 Ke5
27. Kf2 Kd4 28. g4 e5 29. h4 Kxc4 30. Kg3 Bc1 31. g5 b5 32. axb5 Kxb5 33. Bb3 a5
34. Kg4 a4 35. Ba2 Kb4 36. h5 a3 37. h6 Kc3 38. Bg8 Kb2 39. Bxh7 a2 40. Bxg6
a1=Q 41. Bh5 Bf4 42. Kf5 Qa7 43. Bg6 Qd7+ 44. Kf6 Qd8+ 45. Kg7 Bxg5 {White
resigns} 0-1

[Event "Team 45 45 League T47"]
[Site "Internet Chess Club"]
[Date "2010.12.26"]
[Round "8"]
[White "PostMike"]
[Black "mongmong"]
[Result "0-1"]
[WhiteElo "1492"]
[BlackElo "1570"]
[Opening "French: Tarrasch, open variation"]
[ECO "C07"]
[Time "14:30:49"]
[TimeControl "2700+45"]

1. e4 e6 2. d4 d5 3. Nd2 c5 4. exd5 Qxd5 5. dxc5 Bxc5 6. Ngf3 Nf6 7. Bc4 Qd6 8.
O-O Qc7 9. Qe2 O-O 10. Nb3 Be7 11. Nbd4 a6 12. Ne5 b5 13. Bb3 Bb7 14. Bf4 Bd6
15. Bg3 Nc6 16. Rad1 Nxe5 17. Rd2 Nc4 18. Bxd6 Nxd6 19. f3 Rad8 20. Rfd1 Bd5 21.
Qe5 Qb6 22. Kh1 Nc4 23. Bxc4 bxc4 24. c3 Qb8 25. Qe3 Qa8 26. Qe2 Rb8 27. Qf2 Rb7
28. Ne2 Qb8 29. Nf4 Qxf4 {White resigns} 0-1

[Event "Team 45 45 League T47"]
[Site "Internet Chess Club"]
[Date "2011.01.02"]
[Round "8"]
[White "MCJR"]
[Black "tryanything"]
[Result "0-1"]
[WhiteElo "1473"]
[BlackElo "1600"]
[Opening "King's Indian: London system"]
[ECO "A48"]
[Time "18:00:08"]
[TimeControl "2700+45"]

1. d4 Nf6 2. Nf3 g6 3. Bf4 Bg7 4. e3 d6 5. Nbd2 Nh5 6. Bg3 Nxg3 7. hxg3 Bg4 8.
Be2 Nd7 9. c3 e5 10. dxe5 Nxe5 11. Nxe5 Bxe2 12. Qxe2 Bxe5 13. Nf3 Qe7 14. Qb5+
c6 15. Qc4 O-O-O 16. O-O-O d5 17. Qa4 Kb8 18. Rh4 Bd6 19. Qb3 h5 20. Nd4 Qc7 21.
Rdh1 Be7 22. R4h3 a6 23. g4 c5 24. Ne2 h4 25. Nf4 c4 26. Qc2 g5 27. Ne2 Qe5 28.
Nd4 Qe4 29. Qxe4 dxe4 30. f3 exf3 31. gxf3 Bc5 32. f4 gxf4 33. exf4 Bxd4 34.
cxd4 Rxd4 35. Rxh4 Rxh4 36. Rxh4 Rxf4 37. Kc2 Ka7 38. Kc3 f5 39. b3 cxb3 40.
axb3 Rxg4 41. Rh5 f4 42. Rf5 Rg3+ 43. Kc4 f3 44. Kd3 f2+ 45. Ke2 Rxb3 46. Kxf2
Rb5 47. Rf7 a5 48. Rf3 Ka6 49. Ra3 b6 50. Ke3 Rb4 51. Kd2 a4 52. Kc2 Ka5 53. Kc3
Rb3+ 54. Rxb3 axb3 55. Kxb3 Kb5 56. Kc3 Ka4 57. Kb2 Kb4 58. Ka2 Kc3 59. Kb1 b5
60. Kc1 b4 61. Kb1 Kb3 62. Kc1 Ka2 {White resigns} 0-1

[Event "Team 45 45 League T47"]
[Site "Internet Chess Club"]
[Date "2010.12.28"]
[Round "8"]
[White "LeanSixSigma"]
[Black "baseball613"]
[Result "1-0"]
[WhiteElo "1480"]
[BlackElo "1396"]
[Opening "Caro-Kann: advance variation"]
[ECO "B12"]
[Time "15:30:10"]
[TimeControl "2700+45"]

1. e4 c6 2. d4 d5 3. e5 Bf5 4. Bd3 Bxd3 5. Qxd3 e6 6. Ne2 c5 7. Qb5+ Qd7 8.
Qxd7+ Nxd7 9. c3 Rc8 10. O-O cxd4 11. cxd4 Ne7 12. Nbc3 Nf5 13. Be3 Nxe3 14.
fxe3 a6 15. Rf3 Bb4 16. a3 Ba5 17. Raf1 O-O 18. b4 Bb6 19. e4 dxe4 20. Nxe4 Rc6
21. Kh1 Ba7 22. Nd6 f6 23. Nxb7 fxe5 24. Rxf8+ Nxf8 25. dxe5 Rc2 26. Nf4 Bd4 27.
Nd8 Bxe5 28. Nfxe6 Nxe6 29. Nxe6 Bf6 30. Nc5 Ra2 31. Nxa6 Rxa3 32. b5 Rb3 33.
Nc7 Be5 34. Ne6 Bf6 35. Nc7 Be5 36. Nd5 Rxb5 37. Ne7+ Kh8 38. Rf8# {Black
checkmated} 1-0

[Event "Team 45 45 League T47"]
[Site "Internet Chess Club"]
[Date "2011.01.02"]
[Round "8"]
[White "wildcat2023"]
[Black "jjaillet2007"]
[Result "0-1"]
[WhiteElo "1194"]
[BlackElo "1307"]
[Opening "French: Marshall variation"]
[ECO "C10"]
[Time "10:01:55"]
[TimeControl "2700+45"]

1. e4 e6 2. d4 d5 3. Nc3 c5 4. exd5 exd5 5. dxc5 d4 6. Ne4 Nc6 7. Bb5 Qa5+ 8. c3
Qxb5 9. cxd4 Qb4+ 10. Nc3 Qxd4 11. Be3 Qxd1+ 12. Rxd1 Bg4 13. f3 Be6 14. Nb5 Rc8
15. Bf4 Bxc5 16. Nc7+ Ke7 17. Ne2 Nf6 18. Nc3 Rhd8 19. Rxd8 Rxd8 20. Bg5 Bb4 21.
O-O Bxc3 22. bxc3 h6 23. Bxf6+ Kxf6 24. Nxe6 fxe6 25. h4 g5 26. hxg5+ hxg5 27.
Kh2 Rh8+ 28. Kg3 e5 29. Rb1 b6 30. Kf2 Kf5 31. Ke3 Rh2 32. g4+ Ke6 33. a4 Ra2
34. Rh1 Rxa4 35. Rh6+ Kd5 36. c4+ Rxc4 37. Rh5 Rc3+ 38. Kf2 a5 39. Rxg5 a4 40.
Rh5 a3 41. Rh1 b5 42. g5 Ne7 43. Rg1 a2 44. Kg3 b4 45. Kh4 Rxf3 46. Kh5 b3 47.
g6 Nxg6 48. Kxg6 b2 49. Kg5 a1=Q 50. Rxa1 bxa1=Q 51. Kg4 Rf4+ 52. Kg5 Qg1+ 53.
Kh5 Rg4 54. Kh6 Qh1# {White checkmated} 0-1

[Event "Team 45 45 League T47"]
[Site "Internet Chess Club"]
[Date "2010.12.23"]
[Round "8"]
[White "anatolybcn"]
[Black "iceface"]
[Result "0-1"]
[WhiteElo "1173"]
[BlackElo "1322"]
[Opening "Giuoco Piano"]
[ECO "C53"]
[Time "15:11:18"]
[TimeControl "2700+45"]

1. e4 e5 2. Nf3 Nc6 3. Bc4 Bc5 4. c3 d6 5. h3 Nf6 6. d3 O-O 7. O-O Be6 8. Bb5
Qd7 9. Bg5 Qe7 10. Bxc6 bxc6 11. b4 Bb6 12. a4 a6 13. a5 Ba7 14. Re1 h6 15. Bh4
c5 16. d4 Rfd8 17. d5 Bd7 18. Qd2 Bb5 19. Na3 Bd7 20. Qd3 cxb4 21. cxb4 Rdb8 22.
Qd2 Rb7 23. Rab1 Rab8 24. Nc2 Bc5 25. Rb2 Ba4 26. Reb1 Bxc2 27. Qxc2 Rxb4 28.
Bxf6 Qxf6 29. Rxb4 Rxb4 30. Rxb4 Bxb4 31. Qxc7 Bc5 32. Qc8+ Kh7 33. Qxa6 Qe7 34.
Qb5 Kg8 35. a6 Kf8 36. Qc6 Qe8 37. Qb7 Qe7 38. Qb5 Qa7 39. Nh4 Bxf2+ 40. Kh2
Bxh4 41. Qb7 Bf2 42. Qc8+ Ke7 43. Qb7+ Qxb7 44. axb7 Ba7 45. Kg3 Kd7 46. Kg4 g6
47. h4 Kc7 48. h5 Kxb7 49. hxg6 fxg6 50. Kf3 Bb6 51. g4 Bd8 52. Kg3 Bg5 53. Kf3
Kb6 54. Ke2 Kc5 55. Kd3 h5 56. gxh5 gxh5 {White resigns} 0-1

[Event "Team 45 45 League T47"]
[Site "Internet Chess Club"]
[Date "2010.12.27"]
[Round "8"]
[White "carolinaknight"]
[Black "Mclintock45"]
[Result "1-0"]
[WhiteElo "1314"]
[BlackElo "1038"]
[Opening "King's pawn game"]
[ECO "C21"]
[Time "20:31:09"]
[TimeControl "2700+45"]

1. e4 e5 2. d4 Bd6 3. Bc4 Qe7 4. Ne2 Nf6 5. Ng3 c6 6. Nf5 Qf8 7. Nxd6+ Qxd6 8.
c3 b5 9. Bb3 O-O 10. O-O Nxe4 11. Be3 Nf6 12. Nd2 Nd5 13. Ne4 Qe6 14. Ng5 Qe8
15. Qd3 Nxe3 16. Qxh7# {Black checkmated} 1-0

[Event "Team 45 45 League T47"]
[Site "Internet Chess Club"]
[Date "2010.12.26"]
[Round "8"]
[White "ThuG"]
[Black "Paulkov"]
[Result "0-1"]
[WhiteElo "2214"]
[BlackElo "2274"]
[Opening "Sicilian"]
[ECO "B50"]
[Time "19:00:21"]
[TimeControl "2700+45"]

1. e4 c5 2. Nf3 d6 3. c3 Nf6 4. Bd3 Nc6 5. Bc2 Bg4 6. d3 g6 7. Nbd2 Bg7 8. h3
Bd7 9. a4 O-O 10. O-O Qc7 11. Nc4 d5 12. exd5 Nxd5 13. Re1 Rad8 14. Bg5 f6 15.
Bh4 e5 16. Bb3 Be6 17. Qc2 Qf7 18. Rad1 Rd7 19. Bg3 Rfd8 20. Qe2 Nb6 21. Nxb6
axb6 22. Bxe6 Qxe6 23. Qe4 Qd5 24. Qg4 Qb3 25. Nd2 Qxb2 26. Qe6+ Kh8 27. Ne4 Re7
28. Qc4 Na5 29. Qb5 Qxb5 30. axb5 Red7 31. f4 exf4 32. Bxf4 f5 33. Ng5 Bxc3 34.
Re6 c4 35. d4 Bxd4+ 36. Rxd4 Rxd4 37. Bc7 Kg7 38. Rxb6 Rd1+ 39. Kh2 Re8 40. Ne6+
Kg8 41. Bf4 c3 42. Nc7 Re7 43. Rf6 c2 44. Bh6 Rf7 45. Nd5 Rxd5 46. Re6 Rd8
{White resigns} 0-1